 Dungeon Crawl Stone Soup version 0.19-a0-1341-g3513869 (webtiles) character file.

17390 poirepourri the Basher (level 12, -8/80 HPs)
             Began as a Gargoyle Fighter on Sept 1, 2016.
             Was a Priest of Cheibriados.
             Mangled by a lorocyproca (24 damage)
             ... on level 2 of the Abyss.
             The game lasted 00:27:31 (15521 turns).

poirepourri the Basher (Gargoyle Fighter)          Turns: 15521, Time: 00:27:32

Health: -8/80      AC: 18    Str: 28    XL:     12   Next: 47%
Magic:  1/13       EV: 15    Int: 19    God:    Cheibriados [***...]
Gold:   1030       SH: 12    Dex: 20    Spells: 0 memorised, 11 levels left

rFire  x . .     SeeInvis .     a - +1 flail
rCold  + . .     Gourm    .     b - +1 scale mail
rNeg   + . .     Faith    .     c - +2 shield
rPois  ∞         Spirit   .     (no helmet)
rElec  +         Dismiss  .     (no cloak)
rCorr  .         Reflect  .     v - +0 pair of gloves
MR     .....     Harm     .     n - +0 pair of boots
Stlth  ..........               (no amulet)
                                A - ring of flight
                                i - ring of ice

@: about to teleport, drained, very slow
A: negative energy resistance 1, electricity resistance, unbreathing,
petrification resistance, rot immunity, AC +8
a: Bend Time, Temporal Distortion, Renounce Religion, Evoke Flight


You were on level 2 of the Abyss.
You worshipped Cheibriados.
Cheibriados was most pleased with you.
You were not hungry.

You visited 2 branches of the dungeon, and saw 13 of its levels.
You visited the Abyss 1 time.

You collected 1030 gold pieces.

Inventory:

Hand Weapons
 a - a +1 flail (weapon)
Missiles
 m - 17 tomahawks
 o - 85 bolts
 q - 10 javelins (quivered)
 I - 3 javelins of penetration
Armour
 b - a +1 scale mail (worn)
 c - a +2 shield (worn)
 n - a +0 pair of boots (worn)
 v - a +0 pair of gloves (worn)
Jewellery
 i - a ring of ice (left hand)
 p - an uncursed ring of teleportation
 r - an uncursed amulet of magic regeneration
 A - a ring of flight (right hand)
 G - an uncursed amulet of regeneration {unknown}
Wands
 e - a wand of lightning (2/15)
 l - a wand of acid (4/15)
 t - a wand of iceblast (8/15)
 u - a wand of iceblast (5/15)
 y - a wand of confusion (20/48)
 z - a wand of paralysis (8/24)
 B - a wand of flame (21/48)
 C - a wand of teleportation (3/9)
 J - a wand of slowing (33/48)
Scrolls
 w - 2 scrolls of remove curse
 F - 3 scrolls of recharging
Potions
 d - 3 potions of flight
 g - a potion of cure mutation
 j - 3 potions of mutation
 x - a potion of brilliance
 E - a potion of magic
Books
 D - a book of the Dragon

   Spells                             Type                      Level
   a - Flame Tongue                   Conjuration/Fire             1
   b - Cause Fear                     Hexes                        4
   c - Bolt of Fire                   Conjuration/Fire             6
   d - Dragon Form                    Transmutation                7
   e - Dragon's Call                  Summoning                    9
Comestibles
 f - 9 bread rations
 k - 28 fruits
 s - a meat ration


   Skills:
 + Level 11.1(10.2) Fighting
 + Level 11.7(10.8) Maces & Flails
 - Level 2.0(1.3) Throwing
 - Level 3.2(2.5) Armour
 + Level 10.7(9.8) Dodging
 - Level 0.8(0.1) Stealth
 - Level 3.2(2.5) Shields
 + Level 1.9(1.2) Invocations
 + Level 0.6(0.0) Evocations


You had 11 spell levels left.
You didn't know any spells.

Dungeon Overview and Level Annotations

Branches:
Dungeon (12/15)            Temple (1/1) D:7            Lair (0/6) D:11
    Orc (0/2) D:12

Altars:
Ashenzari
Cheibriados
Dithmenos
Elyvilon
Fedhas
Gozag
Hepliaklqana
Kikubaaqudgha
Makhleb
Nemelex Xobeh
Okawaru
Qazlal
Ru
Sif Muna
Trog
Uskayaw
Vehumet
Xom
Yredelemnul
Zin
The Shining One

Annotations:
D:12 Erolcha, Josephine


Innate Abilities, Weirdness & Mutations

You are resistant to torment.
Your stone body is resilient. (AC +8)
You are immune to poison.
You resist negative energy. (rN+)
You are resistant to electric shocks. (rElec)
You can survive without breathing.
You are immune to petrification.
You are immune to rotting.


Message History

Something hits you!
You feel your power leaking away.
You hit something but do no damage. You block something's attack.
You sock something! Something hits you but does no damage.
Your shield prevents you from hitting something.
You block something's attack.
You miss something. Something hits you!!
* * * LOW HITPOINT WARNING * * *
You feel your power leaking away.
Okay, then.
As you read the scroll of teleportation, it crumbles to dust.
You feel strangely unstable.
You feel the power of the Abyss delaying your translocation!
Something hits you but does no damage. Something hits you but does no damage.
You block something's attack.
A soul eater comes into view.
The soul eater draws from the surrounding life force!
* * * LOW HITPOINT WARNING * * *
Something hits you!!
You die...

### #####
....######...##
#..3..........#
#......@......#
##..##..##.####
# ..###### ##
#. .?.
......#.. # ##
..#. .....'....
# ..
..........#. .
##.. .# #
####..###..## .
.. #.. ###..#
## # ... . ...
...#


You could see a soul eater.

Vanquished Creatures
  Rupert (D:12)
  Harold (D:9)
  A tengu warrior (D:11)
  Nergalle (D:10)
  3 hill giants
  A deep elf mage (D:12)
  A cyclops (D:11)
  A manticore (D:11)
  A gargoyle (D:10)
  2 kobold demonologists (D:12)
  A troll (D:11)
  2 two-headed ogres
  Sigmund (D:2)
  A vampire (D:10)
  4 flying skulls (Abyss:2)
  5 wraiths
  2 wyverns
  3 yaks (D:7)
  A steam dragon (D:12)
  5 orc warriors
  6 ice beasts
  3 phantoms
  3 sky beasts
  A black bear (D:11)
  A wasp (D:10)
  9 centaurs
  12 ogres
  An eye of draining (D:12)
  2 big kobolds (D:12)
  10 giant frogs
  A wyvern zombie (D:7)
  7 scorpions
  6 killer bees (D:12)
  4 wights
  5 howler monkeys (D:8)
  14 crimson imps
  6 hounds
  8 orc wizards
  3 giant frog skeletons
  A gnoll shaman (D:7)
  A jelly (D:10)
  4 orc priests
  2 giant frog zombies (D:5)
  2 centaur skeletons
  3 iguanas
  Ijyb (D:3)
  A worker ant (D:5)
  A howler monkey zombie (D:6)
  4 gnolls (D:7)
  Robin (D:3)
  A howler monkey skeleton (D:9)
  9 adders
  2 shadow imps
  2 white imps (D:12)
  An ufetubus (Abyss:2)
  2 oozes
  2 worms (D:2)
  5 giant geckos
  43 orcs
  7 bats
  4 giant cockroaches
  20 goblins
  11 hobgoblins
  12 jackals
  8 kobolds
  7 quokkas
  3 giant newts
  2 jackal skeletons
  8 rats
310 creatures vanquished.

Vanquished Creatures (others)
  A kobold (D:12)
1 creature vanquished.

Grand Total: 311 creatures vanquished

Notes
Turn   | Place    | Note
-------+----------+-------------------------------------------
     0 | D:1      | poirepourri the Gargoyle Fighter began the quest for the Orb.
     0 | D:1      | Reached XP level 1. HP: 14/14 MP: 1/1
   227 | D:1      | Reached XP level 2. HP: 20/20 MP: 2/2
   795 | D:2      | You fall through a shaft!
   801 | D:3      | Found a hazy altar of Hepliaklqana.
   821 | D:2      | Reached XP level 3. HP: 19/24 MP: 3/3
  1088 | D:2      | Noticed Sigmund
  1103 | D:2      | Killed Sigmund
  1103 | D:2      | Reached skill level 5 in Fighting
  1103 | D:2      | Reached skill level 1 in Dodging
  1103 | D:2      | Reached XP level 4. HP: 19/31 MP: 4/4
  1103 | D:2      | Reached XP level 5. HP: 21/35 MP: 5/5
  1906 | D:3      | Reached XP level 6. HP: 40/40 MP: 6/6
  2022 | D:3      | Noticed Robin
  2163 | D:3      | Killed Robin
  2775 | D:3      | Noticed Ijyb
  2802 | D:3      | Killed Ijyb
  3212 | D:3      | Noticed a moth of wrath
  3215 | D:3      | Found a bloodstained altar of Trog.
  3636 | D:4      | Reached XP level 7. HP: 36/44 MP: 7/7
  3641 | D:4      | Found an ancient bone altar of Kikubaaqudgha.
  3804 | D:4      | Reached skill level 5 in Maces & Flails
  4178 | D:4      | Found a blossoming altar of Fedhas.
  4503 | D:5      | Entered Level 5 of the Dungeon
  4510 | D:5      | Reached XP level 8. HP: 37/51 MP: 8/8
  5558 | D:6      | Reached skill level 5 in Dodging
  5573 | D:6      | Found a shadowy altar of Dithmenos.
  5629 | D:6      | Reached XP level 9. HP: 32/57 MP: 9/9
  5733 | D:6      | Found a white marble altar of Elyvilon.
  5752 | D:6      | Noticed a two-headed ogre
  5762 | D:6      | Killed a two-headed ogre
  6097 | D:6      | Reached skill level 1 in Throwing
  6624 | D:7      | Found a sparkling altar of Nemelex Xobeh.
  6716 | D:7      | Found a deep blue altar of Sif Muna.
  6767 | D:7      | Found a shattered altar of Ashenzari.
  7241 | D:7      | Found a staircase to the Ecumenical Temple.
  7324 | Temple   | Entered the Ecumenical Temple
  7532 | Temple   | Became a worshipper of Cheibriados the Contemplative
  7976 | D:8      | Reached XP level 10. HP: 50/65 MP: 10/10
  8459 | D:8      | Reached * piety under Cheibriados
  8954 | D:8      | Found a blossoming altar of Fedhas.
  9586 | D:9      | Found an opulent altar of Gozag.
  9591 | D:9      | Found a shimmering altar of Xom.
  9592 | D:9      | Found a hide-covered altar of Uskayaw.
  9635 | D:9      | Found a shadowy altar of Dithmenos.
  9635 | D:9      | Found a glowing golden altar of the Shining One.
  9746 | D:10     | Entered Level 10 of the Dungeon
  9812 | D:10     | Noticed a gargoyle
  9818 | D:10     | Killed a gargoyle
  9855 | D:10     | Reached ** piety under Cheibriados
  9874 | D:10     | Noticed a hill giant
  9887 | D:10     | Killed a hill giant
  9887 | D:10     | Reached skill level 10 in Maces & Flails
 10129 | D:10     | Noticed Nergalle
 10178 | D:10     | Killed Nergalle
 10178 | D:10     | Reached XP level 11. HP: 30/72 MP: 11/11
 10946 | D:10     | Noticed Harold
 10947 | D:10     | Noticed a hill giant
 11378 | D:9      | Killed Harold
 11743 | D:10     | Killed a hill giant
 11995 | D:11     | Reached skill level 10 in Fighting
 12101 | D:11     | Noticed a manticore
 12118 | D:11     | Killed a manticore
 12404 | D:11     | Found a staircase to the Lair.
 12446 | D:11     | Found a bloodstained altar of Trog.
 12455 | D:11     | Noticed a hill giant
 12466 | D:11     | Killed a hill giant
 12659 | D:11     | Noticed a tengu warrior
 13306 | D:11     | Reached *** piety under Cheibriados
 13425 | D:11     | Killed a tengu warrior
 13480 | D:11     | Noticed a cyclops
 13488 | D:11     | Killed a cyclops
 14053 | D:12     | Reached skill level 1 in Invocations
 14081 | D:12     | Reached skill level 10 in Dodging
 14132 | D:12     | Reached XP level 12. HP: 60/78 MP: 12/12
 14179 | D:12     | Reached **** piety under Cheibriados
 14279 | D:12     | Noticed Rupert
 14303 | D:12     | Killed Rupert
 14954 | D:12     | Found a staircase to the Orcish Mines.
 15148 | D:12     | Noticed Josephine
 15165 | D:12     | Noticed Erolcha
 15175 | D:12     | Cast into level 2 of the Abyss (Erolcha)
 15175 | Abyss:2  | Found a corrupted altar of Lugonu.
 15520 | Abyss:2  | Noticed a soul eater
 15521 | Abyss:2  | Mangled by a lorocyproca

Vault maps used:
D:1:      dpeg_arrival_stone_temple_mockup, glass_columns_a
D:2:      first_bread, serial_bayou_lagoon_a, minmay_tetromino_o2, uniq_sigmund
D:3:      nicolae_overflow_crystal_walls, minmay_misc_feat_tower, tgw_trog,
          uniq_iyjb, uniq_robin
D:4:      marbit_many_paths, fedhas_altar_1
D:6:      old_standard_altar, nrook_uturn, nicolae_dithmenos_shadow_blocks
D:7:      old_standard_altar, lemuel_doored_altar, basic_altar
D:8:      overflow_temple_1_default
D:9:      minitemple, gammafunk_temple_overflow_statue
D:10:     uniq_nergalle, uniq_harold
D:11:     lair_0_dummy, portal_ice_cave_entry_pillars_1, basic_altar,
          grunt_tengu_nest
D:12:     david_orc_4, enter_bailey_3, minmay_nine_imps, uniq_rupert,
          uniq_snorg, uniq_josephine, uniq_erolcha
Temple:   jpeg_temple_alley_garden

Skill      XL: |  1  2  3  4  5  6  7  8  9 10 11 12 |
---------------+-------------------------------------+-----
Fighting       | 4 5 6 7 8 9 10 11 | 11.1
Maces & Flails | 3 4 5 7 8 10 11 | 11.7
Dodging        | 1 2 3 4 5 6 8 10 | 10.7
Throwing       | 1 2 |  2.0
Invocations    | 1 |  1.9
Armour         | |  3.2
Stealth        | |  0.8
Shields        | |  3.2
Evocations     | |  0.6

Action                   |  1- 3 |  4- 6 |  7- 9 | 10-12 || total
-------------------------+-------+-------+-------+-------++-------
Melee: Flail             |    93 |   252 |   529 |   863 ||  1737
Throw: Javelin           |       |     9 |     9 |    40 ||    58
       Tomahawk          |       |       |     2 |    13 ||    15
Invok: Bend Time         |       |       |       |     4 ||     4
       Slouch            |       |       |       |     3 ||     3
Evoke: Wand              |       |       |       |     5 ||     5
  Use: Potion            |     1 |     3 |     1 |     8 ||    13
       Scroll            |       |    12 |    15 |    14 ||    41
  Eat: Pizza             |     2 |       |     1 |     2 ||     5
       Royal jelly       |     1 |       |       |     1 ||     2
       Bread ration      |       |     1 |     1 |     1 ||     3
       Beef jerky        |       |       |     1 |     2 ||     3
       Fruit             |       |       |     1 |       ||     1
       Meat ration       |       |       |     2 |       ||     2
Armor: Scale mail        |    35 |   144 |   162 |   446 ||   787
       Skin              |       |       |    11 |    11 ||    22
Dodge: Dodged            |    26 |   101 |   131 |   628 ||   886
Block: Shield            |    53 |   187 |   274 |   742 ||  1256
